2943 views
Uploaded 2020-04-30 03:04:00
Game version 1.32.4 / 1.32.5
11:15 long 1on1 ladder game on (2)NorthernIsles
Saved by BEARAND
2943 views
Uploaded 2020-04-30 03:04:00
Game version 1.32.4 / 1.32.5
11:15 long 1on1 ladder game on (2)NorthernIsles

23 units @ 3.3k
/ 0.1k
13 buildings @ 2k
/ 0.7k

| Healing Salve | 2 | 200 |
| total: | 2 | 200g |
| Peon | 8 | 600 | / | 0 |
| Grunt | 10 | 2000 | / | 0 |
| Troll Headhunter | 3 | 420 | / | 60 |
| Shaman | 2 | 260 | / | 40 |
| total: | 23 | 3280g | / | 100w |
| Watch Tower | 2 | 220 | / | 160 |
| Barracks | 2 | 360 | / | 100 |
| Altar of Storms | 1 | 180 | / | 50 |
| Orc Burrow | 5 | 800 | / | 200 |
| War Mill | 1 | 205 | / | 0 |
| Voodoo Lounge | 1 | 130 | / | 30 |
| Spirit Lodge | 1 | 150 | / | 150 |
| Stronghold | 1 | 315 | / | 190 |
| total: | 13 | 2045g | / | 690w |
| 0:05 | Peon |
| 0:05 | Peon |
| 0:11 | Barracks |
| 0:27 | Altar of Storms |
| 0:32 | Peon |
| 0:40 | Peon |
| 0:53 | Orc Burrow |
| 0:56 | Peon |
| 1:18 | War Mill |
| 1:50 | Grunt |
| 2:00 | Peon |
| 2:19 | Peon |
| 2:28 | Orc Burrow |
| 2:32 | Steel Armor |
| 2:53 | Feral Spirit |
| 3:00 | Watch Tower |
| 3:12 | Voodoo Lounge |
| 3:24 | Orc Burrow |
| 3:34 | Grunt |
| 3:39 | Steel Melee Weapons |
| 4:02 | Peon |
| 4:16 | Grunt |
| 4:50 | Grunt |
| 4:54 | Stronghold |
| 5:15 | Barracks |
| 5:44 | Grunt |
| 6:14 | Grunt |
| 6:26 | Chain Lighting |
| 6:31 | Grunt |
| 6:48 | Grunt |
| 6:53 | Steel Ranged Weapons |
| 7:13 | Healing Salve |
| 7:13 | Healing Salve |
| 7:29 | Berserker Strength |
| 7:45 | Spirit Lodge |
| 8:18 | Orc Burrow |
| 8:23 | Watch Tower |
| 8:46 | Feral Spirit |
| 9:01 | Troll Headhunter |
| 9:02 | Troll Headhunter |
| 9:11 | Shaman |
| 9:33 | Troll Headhunter |
| 9:36 | Orc Burrow |
| 9:38 | Spiked Barricades |
| 9:51 | Grunt |
| 10:22 | Grunt |
| 10:24 | Shaman |
| Right click | 501 |
| Select group | 431 |
| Select | 217 |
| Chat | 58 |
| Assign group | 46 |
| Build/train/purchase | 42 |
| Misc. action | 18 |
| Use ability | 8 |
| Item give/drop | 2 |
18 units @ 1.4k
/ 0k
30 buildings @ 2.1k
/ 0.9k


| Scroll of Regeneration | 3 | 300 |
| Potion of Healing | 3 | 450 |
| Lesser Clarity Potion | 1 | 70 |
| Potion of Mana | 1 | 200 |
| Staff of Teleportation | 1 | 150 |
| Boots of Speed | 1 | 250 |
| total: | 10 | 1420g |
| Peasant | 17 | 1275 | / | 0 |
| Priest | 1 | 135 | / | 10 |
| total: | 18 | 1410g | / | 10w |
| Scout Tower | 18 | 540 | / | 360 |
| Arcane Tower | 3 | 210 | / | 150 |
| Guard Tower | 13 | 910 | / | 650 |
| Altar of Kings | 1 | 180 | / | 50 |
| Farm | 6 | 480 | / | 120 |
| Lumber Mill | 1 | 120 | / | 0 |
| Arcane Vault | 2 | 260 | / | 60 |
| Town Hall | 1 | 385 | / | 205 |
| Arcane Sanctum | 1 | 150 | / | 140 |
| Keep | 1 | 320 | / | 210 |
| Castle | 1 | 360 | / | 210 |
| total: | 30 | 2115g | / | 935w |
| 0:01 | Peasant |
| 0:02 | Peasant |
| 0:02 | Peasant |
| 0:05 | Peasant |
| 0:05 | Peasant |
| 0:17 | Altar of Kings |
| 0:33 | Farm |
| 0:36 | Peasant |
| 0:36 | Peasant |
| 0:41 | Lumber Mill |
| 0:43 | Scout Tower |
| 0:54 | Peasant |
| 1:11 | Peasant |
| 1:26 | Farm |
| 1:29 | Arcane Vault |
| 1:38 | Scout Tower |
| 1:45 | Arcane Tower |
| 1:54 | Peasant |
| 1:54 | Peasant |
| 1:55 | Peasant |
| 1:55 | Peasant |
| 2:15 | Blizzard |
| 2:33 | Guard Tower |
| 2:34 | Peasant |
| 2:34 | Peasant |
| 2:45 | Peasant |
| 2:46 | Peasant |
| 2:51 | Scout Tower |
| 2:51 | Scout Tower |
| 2:52 | Scout Tower |
| 3:21 | Brilliance Aura |
| 3:25 | Guard Tower |
| 3:40 | Staff of Teleportation |
| 3:41 | Boots of Speed |
| 3:47 | Keep |
| 3:58 | Guard Tower |
| 4:02 | Farm |
| 4:11 | Guard Tower |
| 4:49 | Farm |
| 4:53 | Improved Masonry |
| 4:58 | Farm |
| 5:42 | Scout Tower |
| 5:42 | Scout Tower |
| 5:43 | Scout Tower |
| 6:09 | Scroll of Regeneration |
| 6:16 | Arcane Sanctum |
| 6:17 | Advanced Masonry |
| 6:20 | Guard Tower |
| 6:28 | Improved Lumber Harvesting |
| 6:39 | Potion of Healing |
| 6:42 | Guard Tower |
| 7:11 | Scroll of Regeneration |
| 7:13 | Potion of Healing |
| 7:14 | Storm Bolt |
| 8:00 | Scout Tower |
| 8:00 | Scout Tower |
| 8:01 | Scout Tower |
| 8:01 | Scout Tower |
| 8:05 | Town Hall |
| 8:21 | Scout Tower |
| 8:22 | Scout Tower |
| 8:23 | Scout Tower |
| 8:23 | Scout Tower |
| 8:31 | Blizzard |
| 8:47 | Guard Tower |
| 8:47 | Guard Tower |
| 8:47 | Guard Tower |
| 9:02 | Arcane Tower |
| 9:27 | Arcane Tower |
| 9:27 | Guard Tower |
| 9:41 | Castle |
| 10:16 | Bash |
| 10:19 | Arcane Vault |
| 10:24 | Priest |
| 10:24 | Magic Sentry |
| 10:28 | Farm |
| 10:29 | Scout Tower |
| 10:30 | Scout Tower |
| 10:50 | Guard Tower |
| 10:55 | Scroll of Regeneration |
| 10:58 | Lesser Clarity Potion |
| 11:00 | Potion of Healing |
| 11:01 | Potion of Mana |
| Right click | 940 |
| Select | 246 |
| Select group | 144 |
| Build/train/purchase | 98 |
| Chat | 63 |
| Misc. action | 39 |
| Use ability | 24 |
| Assign group | 12 |
| Item give/drop | 7 |
| Remove unit | 2 |